[Event "Titled Tuesday Blitz February 22 Late 2022"]
[White "Goltseva, Ekaterina"]
[Black "Timofeev, Artyom"]
[WhiteFideId "24173770"]
[BlackFideId "4140419"]
[WhiteElo "2140"]
[BlackElo "2583"]
[Result "0-1"]
[Round "02"]
[TimeControl "180+1"]
[Date "2022.02.22"]
[WhiteClock "0:01:09"]
[BlackClock "0:01:44"]

1. d4 d5 2. c4 e6 3. Nc3 c6 4. e3 Nf6 5. Nf3 Nbd7 6. Bd3 dxc4 7. Bxc4 b5 8. Bd3 Bb7 9. O-O a6 10. e4 c5 11. d5 Qc7 12. Re1 c4 13. Bc2 Bc5 14. Be3 Bxe3 15. Rxe3 O-O-O 16. d6 Qb6 17. e5 Ng4 18. Qd2 Nxe3 19. Qxe3 Qxe3 20. fxe3 Bxf3 21. gxf3 Nxe5 22. Ne4 f5 23. Ng5 Rxd6 24. Nxe6 Rxe6 25. Bxf5 Re8 26. b3 Nxf3+ 27. Kf2 Nh4 28. Bxe6+ Rxe6 29. bxc4 bxc4 30. Rc1 Rc6 31. Kg3 Ng6 32. Rc3 Kd7 33. h4 Ke6 34. h5 Ne7 35. e4 Ke5 36. Kf3 Kd4 37. Rc1 c3 38. Ke2 Kxe4 39. Kd1 Kd3 40. a4 c2+ 41. Ke1 Nd5 42. Kf2 Kd2 0-1


[Site "https://www.chess.com"]

[Event "Titled Tuesday Blitz February 22 Late 2022"]
[White "Golubev, Mikhail"]
[Black "Saraci, Nderim"]
[WhiteFideId "14100983"]
[BlackFideId "6351921"]
[WhiteElo "2374"]
[BlackElo "2573"]
[Result "0-1"]
[Round "02"]
[TimeControl "180+1"]
[Date "2022.02.22"]
[WhiteClock "0:00:04"]
[BlackClock "0:00:15"]

1. e4 c5 2. Nf3 e6 3. d4 cxd4 4. Nxd4 a6 5. Bd3 Qc7 6. O-O Bc5 7. Nb3 Ba7 8. Qg4 g6 9. Qe2 d6 10. a4 Nc6 11. a5 Nf6 12. Bh6 Nd7 13. Nc3 Nc5 14. Nxc5 Bxc5 15. Kh1 Bd7 16. Bg7 Rg8 17. Bf6 Bd4 18. Nd5 exd5 19. exd5+ Kf8 20. dxc6 Bxf6 21. cxd7 Qxd7 22. c3 Kg7 23. Bc4 Rge8 24. Qf3 Rab8 25. Rfd1 Qc7 26. Bd5 h5 27. Ra4 Be5 28. g3 b6 29. Rc4 Qe7 30. axb6 Rxb6 31. b4 Rbb8 32. Kg2 Rec8 33. Ra1 Rxc4 34. Bxc4 Qc7 35. Bxa6 Qxc3 36. Qxc3 Bxc3 37. Rd1 Bxb4 38. Rb1 d5 39. Rd1 Rd8 40. Bc4 d4 41. Rb1 Be7 42. Rb7 Kf8 43. Kf1 d3 44. Ke1 d2+ 45. Kd1 Rd4 46. Rb8+ Kg7 47. Bb3 h4 48. Rb7 Kf8 49. Rb8+ Kg7 50. Rb7 Kf6 51. Rb6+ Bd6 52. gxh4 Kg7 53. Rb7 Bb4 54. Rxf7+ Kh6 55. Rb7 Rxh4 56. Bg8 Re4 57. Rh7+ Kg5 0-1


[Site "https://www.chess.com"]

[Event "Titled Tuesday Blitz February 22 Late 2022"]
[White "Goryachkina, Aleksandra"]
[Black "Sadhwani, Raunak"]
[WhiteFideId "4147103"]
[BlackFideId "35093487"]
[WhiteElo "2426"]
[BlackElo "2616"]
[Result "0-1"]
[Round "02"]
[TimeControl "180+1"]
[Date "2022.02.22"]
[WhiteClock "0:00:07"]
[BlackClock "0:00:32"]

1. e4 e5 2. Nf3 Nc6 3. d4 exd4 4. Nxd4 Nf6 5. Nxc6 bxc6 6. e5 Qe7 7. Qe2 Nd5 8. g3 a5 9. Bg2 Ba6 10. c4 Nb6 11. b3 Qe6 12. O-O Be7 13. Bb2 O-O 14. Nd2 d5 15. Rfc1 Rfd8 16. Rc2 a4 17. Rac1 d4 18. Be4 a3 19. Ba1 c5 20. f4 Qh6 21. Nf3 Nd5 22. Rd2 Rab8 23. f5 Qe3+ 24. Qxe3 Nxe3 25. h3 h5 26. Kf2 Bb7 27. Bxb7 Rxb7 28. f6 gxf6 29. exf6 Bxf6 30. Re1 Rbb8 31. Rd3 Re8 32. Re2 Re6 0-1


[Site "https://www.chess.com"]

[Event "Titled Tuesday Blitz February 22 Late 2022"]
[White "Gracia Alvarez, Gerardo Antonio"]
[Black "Mekhitarian, Krikor Sevag"]
[WhiteFideId "5109124"]
[BlackFideId "2107660"]
[WhiteElo "2481"]
[BlackElo "2793"]
[Result "0-1"]
[Round "02"]
[TimeControl "180+1"]
[Date "2022.02.23"]
[WhiteClock "0:00:12"]
[BlackClock "0:00:24"]

1. c4 c5 2. Nc3 Nc6 3. g3 g6 4. Bg2 Bg7 5. e3 Nh6 6. Nge2 Nf5 7. d3 d6 8. b3 Qd7 9. Bb2 O-O 10. O-O b6 11. Qd2 Bb7 12. Nd5 e5 13. a3 Rfe8 14. b4 Nce7 15. Nec3 Nxd5 16. Nxd5 Ne7 17. Nxe7+ Rxe7 18. Bxb7 Qxb7 19. e4 f5 20. f3 Rf8 21. Rf2 h5 22. Raf1 Kh7 23. Bc1 Ref7 24. Qe2 cxb4 25. axb4 b5 26. cxb5 Qxb5 27. Bd2 d5 28. exf5 Rxf5 29. f4 e4 30. dxe4 dxe4 31. Qxb5 Rxb5 32. Re2 Re8 33. Rfe1 Rd5 34. Be3 a6 35. Bf2 Bc3 36. Rxe4 Bxe1 37. Rxe8 Bxb4 38. Ra8 a5 39. Ra7+ Kg8 40. Kg2 Rd2 41. Rb7 Bc5 42. Kf3 Rxf2+ 43. Ke4 Rxh2 0-1


[Site "https://www.chess.com"]

[Event "Titled Tuesday Blitz February 22 Late 2022"]
[White "Gupta, Abhijeet"]
[Black "Tregubov, Pavel V."]
[WhiteFideId "5010608"]
[BlackFideId "4115341"]
[WhiteElo "2549"]
[BlackElo "2341"]
[Result "1-0"]
[Round "02"]
[TimeControl "180+1"]
[Date "2022.02.22"]
[WhiteClock "0:00:54"]
[BlackClock "0:00:22"]

1. d4 Nf6 2. c4 e6 3. Nf3 Bb4+ 4. Bd2 Qe7 5. g3 Bxd2+ 6. Nbxd2 d6 7. Bg2 e5 8. O-O O-O 9. e4 a5 10. h3 Nc6 11. d5 Nb4 12. Ne1 Bd7 13. a3 Na6 14. Nd3 a4 15. f4 b6 16. f5 Nc5 17. Nxc5 bxc5 18. Nb1 Rfb8 19. Rf2 Rb3 20. Nc3 Rab8 21. Qc1 h6 22. Bf3 Bc8 23. Rb1 Ba6 24. Bd1 Bxc4 25. Bxb3 Bxb3 26. Qe3 Qe8 27. g4 c6 28. dxc6 Qxc6 29. Kh2 Nh7 30. h4 f6 31. Rd2 Rb6 32. Nd5 Rb7 33. Qd3 Nf8 34. Rg1 Nd7 35. Ne7+ 1-0


[Site "https://www.chess.com"]

[Event "Titled Tuesday Blitz February 22 Late 2022"]
[White "Hakemi, Arman"]
[Black "Moroni, Luca Jr"]
[WhiteFideId "22520805"]
[BlackFideId "865834"]
[WhiteElo "2208"]
[BlackElo "2573"]
[Result "1/2-1/2"]
[Round "02"]
[TimeControl "180+1"]
[Date "2022.02.22"]
[WhiteClock "0:00:03"]
[BlackClock "0:00:06"]

1. e4 g6 2. d4 Bg7 3. Nc3 d6 4. f4 Nf6 5. Nf3 O-O 6. e5 dxe5 7. fxe5 Nd5 8. Bc4 Nb6 9. Bb3 c5 10. dxc5 Qxd1+ 11. Nxd1 N6d7 12. e6 Nxc5 13. exf7+ Kh8 14. Bc4 Nc6 15. c3 Be6 16. Bxe6 Nxe6 17. O-O Rxf7 18. Be3 Nf4 19. Nf2 Raf8 20. Bxf4 Rxf4 21. Rfe1 Ra4 22. Re4 Ra6 23. a3 Rb6 24. Re2 Na5 25. Rd1 Bf6 26. Rd7 Nc4 27. Nd3 Rd6 28. Rxd6 Nxd6 29. Nc5 Rc8 30. Nd3 Kg8 31. Kf2 Rd8 32. Nd2 Bg5 33. Nf3 Bf6 34. Nd2 b5 35. Nc5 Rc8 36. Nce4 Be5 37. Nxd6 Bxd6 38. g3 Kf7 39. Ne4 Bc7 40. Ng5+ Ke8 41. Nxh7 Bb6+ 42. Kg2 a5 43. Nf6+ Kf7 44. Nd5 Bc5 45. Re4 Bd6 46. Re2 Rc4 47. Ne3 Rc5 48. Nc2 Rc4 49. Ne3 Rc5 50. Rd2 Rc6 51. Rd5 b4 52. axb4 axb4 53. c4 Bc5 54. Ng4 Bd6 55. b3 Ra6 56. Rd3 Ra2+ 57. Kf3 Rc2 58. h4 Bc5 59. Ke4 Bd6 60. Kf3 Ke6 61. Nf2 Bc5 62. Ne4 Ba7 63. g4 Kf7 64. Rd7 Bb6 65. Rb7 Bd4 66. Rxb4 e5 67. Rb7+ Ke6 68. Rg7 Rb2 69. Rxg6+ Kf7 70. Rf6+ Ke7 71. g5 Rxb3+ 72. Kg4 Re3 73. Ng3 Re1 74. Ra6 Rg1 75. Ra2 e4 76. Re2 e3 77. Kf3 Ke6 78. Ke4 Rxg3 79. Kxd4 Rg4+ 80. Kxe3 Rxh4 81. Kd3+ Kd6 82. Rg2 Rh3+ 83. Kd4 Rh4+ 84. Kc3 Kc5 85. g6 Rh3+ 86. Kd2 Rh8 87. g7 Rg8 88. Kc3 Kd6 89. Kd4 Kc6 90. c5 Kd7 91. Kd5 Kc7 92. c6 Kc8 93. Kc5 Kc7 94. Rg6 Ra8 95. g8=Q Rxg8 96. Rxg8 1/2-1/2


[Site "https://www.chess.com"]

[Event "Titled Tuesday Blitz February 22 Late 2022"]
[White "Hamley, Ryan"]
[Black "Clawitter, Craig"]
[WhiteFideId "30959497"]
[BlackFideId "2023105"]
[WhiteElo "2465"]
[BlackElo "2199"]
[Result "1/2-1/2"]
[Round "02"]
[TimeControl "180+1"]
[Date "2022.02.23"]
[WhiteClock "0:00:07"]
[BlackClock "0:00:12"]

1. d4 e6 2. c4 Nf6 3. Nf3 d5 4. Nc3 dxc4 5. e3 c5 6. Bxc4 Nc6 7. O-O cxd4 8. exd4 Be7 9. h3 O-O 10. Be3 a6 11. Rc1 b5 12. Bd3 Bb7 13. Qe2 Nb4 14. Bb1 Rc8 15. Rfd1 Nbd5 16. Nxd5 Qxd5 17. Bf4 Rxc1 18. Rxc1 Rc8 19. Rxc8+ Bxc8 20. Be5 Bb7 21. a3 Bd8 22. Qd3 Qe4 23. Qd1 Qc6 24. Ne1 Bb6 25. Bxf6 gxf6 26. Kh1 f5 27. Bc2 Qd5 28. Nf3 Qc4 29. Bb3 Bxf3 30. Qxf3 Qxd4 31. Qg3+ Kf8 32. Kg1 f4 33. Qh4 Qxb2 34. Bd1 Qd4 35. Bf3 Bc5 36. Bc6 Bxa3 37. Qh6+ Qg7 38. Qxf4 Qa1+ 39. Kh2 Ke7 40. Qc7+ Kf6 41. Qf4+ Ke7 42. Qc7+ Kf6 43. Qd8+ Kg7 44. Qg5+ Kf8 45. Qd8+ Kg7 46. Qg5+ Kf8 47. Qd8+ Kg7 1/2-1/2


[Site "https://www.chess.com"]

[Event "Titled Tuesday Blitz February 22 Late 2022"]
[White "Hasangatin, Ramil"]
[Black "Niemann, Hans Moke"]
[WhiteFideId "4122160"]
[BlackFideId "2093596"]
[WhiteElo "2375"]
[BlackElo "2636"]
[Result "1-0"]
[Round "02"]
[TimeControl "180+1"]
[Date "2022.02.22"]
[WhiteClock "0:00:05"]
[BlackClock "0:00:19"]

1. e4 c5 2. Nf3 d6 3. d4 cxd4 4. Qxd4 Nf6 5. e5 Nc6 6. Bb5 Qa5+ 7. Nc3 Qxb5 8. Nxb5 Nxd4 9. Nfxd4 dxe5 10. Nc7+ Kd8 11. Nxa8 exd4 12. Bf4 Nd7 13. Bc7+ Ke8 14. O-O-O e5 15. Rhe1 f6 16. f4 Bb4 17. Re2 b6 18. fxe5 Ba6 19. Rf2 Bb7 20. e6 Ne5 21. Bxe5 fxe5 22. Nc7+ Kd8 23. Rf7 Bxg2 24. Rxg7 Bf3 25. Rf1 e4 26. Rd7+ Kc8 27. Nd5 Bc5 28. b4 Bf8 29. Rc7+ Kb8 30. e7 Bh6+ 31. Kb2 Bg5 32. Rd7 Re8 33. Kb3 Bg4 34. Rd6 Bxe7 35. Nxe7 Rxe7 36. Rxd4 Bf3 37. c4 Kc7 38. Kc3 Rg7 39. Rf2 Rg1 40. Kd2 Rb1 41. Ke3 Rxb4 42. Rfd2 Kb7 43. a3 Rb3+ 44. Kf4 Rxa3 45. Rd7+ Ka6 46. Rxh7 Ra4 47. Rd4 Bd1 48. Rxd1 Rxc4 49. Re1 Kb5 50. Rxe4 Rc1 51. h4 a5 52. Re6 Rf1+ 53. Ke5 a4 54. Rhh6 Re1+ 55. Kd6 Rb1 56. Kc7 Ka5 57. Rxb6 Rc1+ 58. Rhc6 Rg1 59. Ra6+ Kb4 60. Rab6+ Ka3 61. Rb8 Rg7+ 62. Kb6 Rd7 63. Rc7 Ka2 64. Rxd7 a3 65. Rd2+ Kb1 66. Rd3 a2 67. Rb3+ Kc2 68. Ra3 a1=Q 69. Rxa1 Kb2 70. Ra5 1-0


[Site "https://www.chess.com"]

[Event "Titled Tuesday Blitz February 22 Late 2022"]
[White "Hess, Robert"]
[Black "Aigner, Michael"]
[WhiteFideId "2022036"]
[BlackFideId "2017288"]
[WhiteElo "2557"]
[BlackElo "2408"]
[Result "1-0"]
[Round "02"]
[TimeControl "180+1"]
[Date "2022.02.23"]
[WhiteClock "0:01:09"]
[BlackClock "0:01:30"]

1. b3 d5 2. Bb2 c6 3. d3 Nd7 4. Nd2 Ngf6 5. h3 e5 6. g4 Bd6 7. Bg2 O-O 8. e3 Qe7 9. a3 Ne8 10. Ne2 Nc7 11. Ng3 g6 12. Qe2 a5 13. h4 a4 14. b4 c5 15. b5 Nf6 16. b6 Ne6 17. g5 Nd7 18. Bxd5 Nxb6 19. Ba2 Ng7 20. Nde4 Nd7 21. h5 b6 22. Qg4 Nb8 23. Qh4 h6 24. hxg6 Qxg5 25. Nxg5 hxg5 26. Qh8# 1-0


[Site "https://www.chess.com"]

[Event "Titled Tuesday Blitz February 22 Late 2022"]
[White "Hjartarson, Johann"]
[Black "Chigaev, Maksim"]
[WhiteFideId "2300044"]
[BlackFideId "4108116"]
[WhiteElo "2484"]
[BlackElo "2502"]
[Result "0-1"]
[Round "02"]
[TimeControl "180+1"]
[Date "2022.02.22"]
[WhiteClock "0:00:04"]
[BlackClock "0:00:07"]

1. e4 c5 2. Nf3 d6 3. d4 cxd4 4. Nxd4 Nf6 5. Nc3 a6 6. h3 e6 7. g4 h6 8. Bg2 Be7 9. Be3 Nc6 10. O-O Ne5 11. Qe2 g5 12. a4 h5 13. f3 hxg4 14. fxg4 Nfd7 15. a5 Ng6 16. Nb3 Nde5 17. Na4 Bd7 18. Nb6 Rb8 19. c4 Bc6 20. Rad1 Qc7 21. Nd4 Bd7 22. b4 Rd8 23. Rc1 Qb8 24. Rcd1 Rh7 25. Nf3 Nxf3+ 26. Qxf3 Ne5 27. Qg3 Bc6 28. c5 dxc5 29. Rxd8+ Bxd8 30. Bxc5 Bc7 31. Qc3 Qd8 32. Qe3 Ng6 33. Nc4 Bb5 34. Qc3 Nf4 35. Re1 Bxc4 36. Qxc4 Nxh3+ 37. Kf1 Qd2 38. Qe2 Qf4+ 39. Qf3 Qxf3+ 40. Bxf3 Nf4 41. Rd1 Rh3 42. Kf2 Be5 43. Bb6 Bf6 0-1


[Site "https://www.chess.com"]

[Event "Titled Tuesday Blitz February 22 Late 2022"]
[White "Hoffmann, Asa"]
[Black "Baskin, Robert"]
[WhiteFideId "2001470"]
[BlackFideId "24662402"]
[WhiteElo "2117"]
[BlackElo "2488"]
[Result "0-1"]
[Round "02"]
[TimeControl "180+1"]
[Date "2022.02.23"]
[WhiteClock "0:00:29"]
[BlackClock "0:00:22"]

1. d4 Nf6 2. Bg5 d5 3. Nd2 e6 4. e3 c5 5. c3 Nc6 6. f4 Be7 7. Bd3 b6 8. Ngf3 Bb7 9. O-O Nd7 10. e4 Bxg5 11. Nxg5 cxd4 12. exd5 exd5 13. Re1+ Ne7 14. Qh5 g6 15. Qh6 Qc7 16. Rxe7+ Kxe7 17. Re1+ Kf6 18. Nxh7+ Rxh7 19. Qxh7 dxc3 20. Bxg6 Nf8 21. Qh8+ Kxg6 22. Re3 Qc5 23. f5+ Kxf5 24. Qh5+ Kf6 25. Qe5+ Kg6 26. Nf3 c2 27. Qg3+ Kh7 28. Ng5+ Kg8 29. Ne6+ Ng6 0-1


[Site "https://www.chess.com"]

[Event "Titled Tuesday Blitz February 22 Late 2022"]
[White "Holt, Conrad"]
[Black "Borisova, Ekaterina"]
[WhiteFideId "2034387"]
[BlackFideId "34124184"]
[WhiteElo "2586"]
[BlackElo "2034"]
[Result "1-0"]
[Round "02"]
[TimeControl "180+1"]
[Date "2022.02.22"]
[WhiteClock "0:02:34"]
[BlackClock "0:01:47"]

1. d4 Nf6 2. c4 e6 3. Nc3 Bb4 4. Qc2 O-O 5. e4 d5 6. e5 Ne4 7. Bd3 f5 8. exf6 Qxf6 9. Nf3 Nc6 10. O-O Nxd4 11. Nxd4 Qxd4 12. Nxe4 dxe4 13. Bxe4 h6 14. Be3 Qe5 15. c5 Ba5 16. f4 Qf6 17. Qa4 1-0


[Site "https://www.chess.com"]

[Event "Titled Tuesday Blitz February 22 Late 2022"]
[White "Horak, Martin"]
[Black "Murzin, Volodar"]
[WhiteFideId "367095"]
[BlackFideId "44155573"]
[WhiteElo "1997"]
[BlackElo "2585"]
[Result "0-1"]
[Round "02"]
[TimeControl "180+1"]
[Date "2022.02.23"]
[WhiteClock "0:00:04"]
[BlackClock "0:00:07"]

1. d4 Nf6 2. Bg5 g6 3. Bxf6 exf6 4. e3 d5 5. g3 c6 6. Bg2 h5 7. h4 Be6 8. Ne2 Bd6 9. Nd2 Nd7 10. b3 f5 11. c4 Nf6 12. Qc2 Kf8 13. Nf4 Rc8 14. cxd5 cxd5 15. Qd3 Ne4 16. Bxe4 fxe4 17. Nxe6+ fxe6 18. Qe2 Rc2 19. Qd1 Qc7 20. O-O Qc3 21. Rc1 Rxc1 22. Qxc1 Qxc1 23. Rxc1 Ke7 24. Kf1 Rg8 25. Ke2 Kd7 26. Nb1 a6 27. a4 Bb4 28. Nd2 Rf8 29. Nf1 Rc8 30. Rxc8 Kxc8 31. g4 hxg4 32. Nh2 Be7 33. Nxg4 Bxh4 34. Ne5 g5 35. b4 Kc7 36. Kf1 Kd6 37. Kg2 Ke7 38. Kh3 Kf6 39. Kg2 Kf5 40. Nf7 b6 41. Nd6+ Kg6 42. Nc8 b5 43. axb5 axb5 44. Nd6 g4 45. Nxb5 Be7 46. Nc7 Bxb4 47. Nxe6 Bd6 48. Nd8 Kf6 49. Nc6 Ke6 50. Na5 Kd7 51. Nb3 Kc6 52. Nd2 Kb5 53. Nf1 Kc4 54. Nh2 Bxh2 55. Kxh2 Kd3 56. Kg3 Ke2 57. Kg2 Kd2 58. Kg3 Ke1 59. Kg2 Ke2 60. Kg3 Kf1 61. Kxg4 Kxf2 62. Kf4 Ke2 63. Ke5 Kxe3 64. Kxd5 Kf4 65. Kc6 e3 66. d5 e2 67. d6 e1=Q 68. d7 Qa5 0-1


[Site "https://www.chess.com"]

[Event "Titled Tuesday Blitz February 22 Late 2022"]
[White "Ibarra Jerez, Jose Carlos"]
[Black "Barp, Alberto"]
[WhiteFideId "2226332"]
[BlackFideId "872555"]
[WhiteElo "2626"]
[BlackElo "2229"]
[Result "1-0"]
[Round "02"]
[TimeControl "180+1"]
[Date "2022.02.22"]
[WhiteClock "0:00:14"]
[BlackClock "0:00:05"]

1. e4 e5 2. Nf3 Nc6 3. d4 exd4 4. Nxd4 Bc5 5. Nb3 Bb6 6. Qe2 a5 7. Nc3 a4 8. Nd2 a3 9. Nd5 Bd4 10. c3 axb2 11. Bxb2 Bc5 12. Nb3 Bd6 13. c4 Be5 14. Bxe5 Nxe5 15. f4 Nc6 16. Qb2 Nf6 17. e5 Nxd5 18. cxd5 Ne7 19. Qd2 O-O 20. d6 cxd6 21. exd6 Nf5 22. Be2 Qh4+ 23. Kf1 Re8 24. Kg1 Qf6 25. Rd1 Nxd6 26. Bd3 b5 27. h4 Bb7 28. Rh3 Ne4 29. Bxe4 Bxe4 30. h5 d5 31. Nd4 Rab8 32. h6 g6 33. Rc1 b4 34. Rc6 Qd8 35. Qb2 f6 36. Ne6 Qe7 37. Re3 Rbc8 38. Rxc8 Rxc8 39. Nd4 Rc4 40. Nb3 Qa7 41. Qf2 Rc3 42. Re2 Qxf2+ 43. Kxf2 Kf7 44. Nd4 g5 45. f5 Rc4 46. Rd2 Rc3 47. g4 Rc4 48. Ke3 Rc3+ 49. Kf2 Ra3 50. Nb3 Ra6 51. Nc5 Rc6 52. Nxe4 dxe4 53. Rd7+ Kg8 54. Rg7+ Kh8 55. Re7 Kg8 56. Rxe4 Rc2+ 57. Kf3 Rxa2 58. Rxb4 Ra7 59. Rb8+ Kf7 60. Rh8 Ra3+ 61. Kf2 Ra2+ 62. Ke3 Ra3+ 63. Ke2 Ra2+ 64. Kd3 Ra3+ 65. Kc2 Ra4 66. Rxh7+ Kg8 67. Rg7+ Kh8 68. Rg6 Rxg4 69. Rxf6 Rf4 70. Kd3 Kh7 71. Ke3 Rf1 72. Ke4 Rf4+ 73. Ke5 Rf1 74. Rg6 Re1+ 75. Kf6 Rh1 76. Kxg5 Rh2 77. Rg7+ Kh8 78. Ra7 Rg2+ 79. Kf6 1-0


[Site "https://www.chess.com"]

[Event "Titled Tuesday Blitz February 22 Late 2022"]
[White "Indjic, Aleksandar"]
[Black "Novikov, Evgenij"]
[WhiteFideId "911925"]
[BlackFideId "4125380"]
[WhiteElo "2616"]
[BlackElo "2242"]
[Result "1-0"]
[Round "02"]
[TimeControl "180+1"]
[Date "2022.02.23"]
[WhiteClock "0:00:35"]
[BlackClock "0:00:02"]

1. e4 c6 2. d4 d5 3. exd5 cxd5 4. Bd3 Nc6 5. c3 Qc7 6. Ne2 Bg4 7. O-O e6 8. Qe1 Bd6 9. f3 Bh5 10. Qh4 Bg6 11. Bxg6 fxg6 12. Nf4 Bxf4 13. Bxf4 Qe7 14. Bg5 Nf6 15. Nd2 h6 16. Bxf6 Qxf6 17. Qg3 O-O 18. f4 b5 19. a3 a5 20. Nb3 b4 21. Nc5 bxc3 22. bxc3 Rfe8 23. Rab1 Rac8 24. Qe3 g5 25. a4 gxf4 26. Rxf4 Qg6 27. Rb6 e5 28. dxe5 Rxe5 29. Qf2 Qe8 30. h4 Re1+ 31. Kh2 Re2 32. Qf3 Qe5 33. Nd3 Qe6 34. Rxc6 Rxc6 35. Rf8+ Kh7 36. Nf4 Qd6 37. Qxe2 Qxf8 38. Qd3+ g6 39. Nxd5 Rd6 40. c4 Qd8 41. g3 Re6 42. h5 Qe8 43. Nf4 Rf6 44. hxg6+ Kg8 45. Qd5+ Kh8 46. Qd4 Qf8 47. Nh5 1-0


[Site "https://www.chess.com"]

[Event "Titled Tuesday Blitz February 22 Late 2022"]
[White "Iskusnyh, Sergei"]
[Black "volunteers1998"]
[WhiteFideId "4120027"]
[WhiteElo "2492"]
[BlackElo "2259"]
[Result "1-0"]
[Round "02"]
[TimeControl "180+1"]
[Date "2022.02.23"]
[WhiteClock "0:00:01"]
[BlackClock "0:00:01"]

1. d4 f5 2. c4 Nf6 3. Nf3 g6 4. e3 Bg7 5. Be2 O-O 6. O-O d6 7. Nc3 Nc6 8. d5 Ne5 9. Nxe5 dxe5 10. Qc2 e6 11. e4 f4 12. b3 a6 13. Ba3 Re8 14. Rfd1 exd5 15. cxd5 Bd7 16. Rac1 Rc8 17. Na4 Bxa4 18. bxa4 Nd7 19. Bg4 Kh8 20. a5 Bf8 21. Bxf8 Rxf8 22. Qb2 h5 23. Bxd7 Qxd7 24. Qxe5+ Qg7 25. Qxg7+ Kxg7 26. Rb1 Rb8 27. Rdc1 Rf7 28. e5 Re7 29. e6 Kf6 30. h4 Ke5 31. Rd1 Ree8 32. Rb2 Red8 33. Re2+ Kd6 34. e7 Re8 35. Re6+ Kd7 36. Rde1 Rg8 37. Kf1 Rbe8 38. R1e4 Rg7 39. Rxf4 Rgxe7 40. Rxe7+ Rxe7 41. Rf6 Re4 42. Rxg6 Rxh4 43. g3 Ra4 44. f4 Rxa2 45. Rh6 Rxa5 46. Rxh5 Rc5 47. Ke2 a5 48. Kd3 a4 49. Kd4 b6 50. Rh1 a3 51. Ra1 Ra5 52. g4 Ra4+ 53. Ke5 Ke7 54. g5 Kf7 55. f5 Ra5 56. g6+ Kg7 57. Ke6 a2 58. f6+ Kxg6 59. f7 Ra8 60. Rg1+ Kh5 61. Ke7 1-0


[Site "https://www.chess.com"]

[Event "Titled Tuesday Blitz February 22 Late 2022"]
[White "Jacobson, Aaron"]
[Black "Terry, Renato"]
[WhiteFideId "2089912"]
[BlackFideId "3803457"]
[WhiteElo "2265"]
[BlackElo "2577"]
[Result "1-0"]
[Round "02"]
[TimeControl "180+1"]
[Date "2022.02.22"]
[WhiteClock "0:00:20"]
[BlackClock "0:00:23"]

1. d4 d5 2. Nf3 Nf6 3. c4 c6 4. Nc3 a6 5. cxd5 cxd5 6. Bg5 Nc6 7. e3 e6 8. Bd3 b5 9. O-O Be7 10. Rc1 Bb7 11. a4 b4 12. Nb1 h6 13. Bh4 g5 14. Bg3 Nh5 15. Be5 Nxe5 16. Nxe5 Nf6 17. Nd2 Rc8 18. Rxc8 Qxc8 19. f4 Nd7 20. Nxf7 Kxf7 21. Qh5+ Kf8 22. fxg5+ Bf6 23. gxf6 Qe8 24. Bg6 Qd8 25. Bf7 Nxf6 26. Qg6 Ke7 27. Qxf6+ Kd7 28. Bxe6+ Kc7 29. Qxd8+ Rxd8 30. Rf7+ Kb8 31. Rg7 Re8 32. Rg8 Rxg8 33. Bxg8 a5 34. b3 Kc7 35. Kf2 Kd6 36. Kf3 Ba6 37. Kf4 Bd3 38. g4 Bg6 39. h4 Bc2 40. g5 1-0


[Site "https://www.chess.com"]

[Event "Titled Tuesday Blitz February 22 Late 2022"]
[White "Jaracz, Pawel"]
[Black "Aukhatov, Roman"]
[WhiteFideId "1102222"]
[BlackFideId "44150768"]
[WhiteElo "2786"]
[BlackElo "2422"]
[Result "1-0"]
[Round "02"]
[TimeControl "180+1"]
[Date "2022.02.23"]
[WhiteClock "0:00:38"]
[BlackClock "0:00:05"]

1. d4 Nf6 2. c4 c5 3. Nf3 cxd4 4. Nxd4 b6 5. Nc3 Bb7 6. Bg5 a6 7. f3 e6 8. e4 d6 9. Be2 Nbd7 10. O-O Be7 11. Qd2 O-O 12. Rfd1 Rc8 13. Rac1 Qc7 14. Kh1 Qb8 15. Bf1 Bd8 16. Be3 Bc7 17. Bg1 Kh8 18. b4 Rg8 19. Be3 d5 20. exd5 Bxh2 21. dxe6 Qe5 22. exd7 Qh5 23. dxc8=Q Rxc8 24. g4 Nxg4 25. Qg2 Nxe3 26. Qh3 Qxh3 27. Bxh3 Rd8 28. Kxh2 Nxd1 29. Rxd1 Kg8 30. c5 bxc5 31. bxc5 1-0


[Site "https://www.chess.com"]

[Event "Titled Tuesday Blitz February 22 Late 2022"]
[White "Jobava, Baadur"]
[Black "Shirazi, Kamran"]
[WhiteFideId "13601520"]
[BlackFideId "2000733"]
[WhiteElo "2617"]
[BlackElo "2317"]
[Result "1-0"]
[Round "02"]
[TimeControl "180+1"]
[Date "2022.02.23"]
[WhiteClock "0:02:08"]
[BlackClock "0:01:01"]

1. d4 d5 2. Nc3 c5 3. e4 cxd4 4. Qxd4 e6 5. exd5 Nc6 6. Bb5 a6 7. dxc6 bxc6 8. Bxc6+ Bd7 9. Bxa8 Qxa8 10. Nf3 Bc6 11. O-O Ne7 12. Rd1 Nf5 13. Qd3 Bd6 14. Nd4 Nxd4 15. Qxd4 Bc7 16. Qxg7 Rf8 17. Bh6 1-0


[Site "https://www.chess.com"]

[Event "Titled Tuesday Blitz February 22 Late 2022"]
[White "Jones, Gawain C B"]
[Black "Loay, Sameer"]
[WhiteFideId "409561"]
[BlackFideId "8104239"]
[WhiteElo "2824"]
[BlackElo "2550"]
[Result "1-0"]
[Round "02"]
[TimeControl "180+1"]
[Date "2022.02.23"]
[WhiteClock "0:00:42"]
[BlackClock "0:00:43"]

1. Nf3 Nf6 2. g3 g6 3. b3 Bg7 4. Bb2 O-O 5. Bg2 d6 6. d4 Nbd7 7. O-O e5 8. dxe5 Ng4 9. Qd2 Ngxe5 10. Nxe5 dxe5 11. Rd1 Re8 12. a4 c6 13. Na3 Qc7 14. Nc4 Nf8 15. Qd6 Qxd6 16. Nxd6 Rd8 17. a5 a6 18. Nc4 Be6 19. Nxe5 Nd7 20. Nd3 Bxb2 21. Nxb2 Bg4 22. f3 Be6 23. Na4 Re8 24. Kf2 f5 25. Rd6 Ne5 26. Nc5 Bc8 27. Rad1 Nf7 28. R6d4 Kg7 29. e3 Re5 30. b4 Re7 31. Bf1 Ne5 32. h3 g5 33. f4 gxf4 34. gxf4 Ng6 35. Rd8 Nh8 36. Bc4 Nf7 37. Rg1+ Kf6 38. Rf8 Be6 39. Nxe6 Rxf8 40. Nxf8 Nd6 41. Bg8 Ne4+ 42. Kf3 Nd2+ 43. Ke2 Nc4 44. Nxh7+ Rxh7 45. Bxh7 1-0


[Site "https://www.chess.com"]

[Event "Titled Tuesday Blitz February 22 Late 2022"]
[White "Kamsky, Gata"]
[Black "Velikanov, Alexander"]
[WhiteFideId "2000024"]
[BlackFideId "2039290"]
[WhiteElo "2645"]
[BlackElo "2259"]
[Result "1-0"]
[Round "02"]
[TimeControl "180+1"]
[Date "2022.02.22"]
[WhiteClock "0:00:40"]
[BlackClock "0:00:02"]

1. d4 Nf6 2. Nf3 c5 3. d5 a6 4. c4 e6 5. Nc3 b5 6. e4 b4 7. e5 bxc3 8. exf6 Qxf6 9. bxc3 Be7 10. Qc2 h6 11. Bd3 O-O 12. O-O d6 13. Nd2 Bd8 14. f4 Ba5 15. Ne4 Qe7 16. Bd2 Nd7 17. Rae1 Nf6 18. Qa4 Bc7 19. f5 Nxe4 20. Bxe4 exf5 21. Bxf5 Qd8 22. Bd3 Bd7 23. Qd1 Qh4 24. Rf4 Qg5 25. Rfe4 Qd8 26. Qh5 Rb8 27. Bxh6 gxh6 28. Qxh6 1-0


[Site "https://www.chess.com"]

[Event "Titled Tuesday Blitz February 22 Late 2022"]
[White "Karttunen, Mika"]
[Black "Dreev, Aleksey"]
[WhiteFideId "502081"]
[BlackFideId "4100107"]
[WhiteElo "2572"]
[BlackElo "2833"]
[Result "0-1"]
[Round "02"]
[TimeControl "180+1"]
[Date "2022.02.23"]
[WhiteClock "0:00:01"]
[BlackClock "0:00:13"]

1. e4 c5 2. Nf3 Nf6 3. Nc3 d5 4. e5 Nfd7 5. d3 e6 6. g3 Nc6 7. Qe2 b5 8. Bg2 b4 9. Nd1 a5 10. O-O Ba6 11. h4 Be7 12. h5 c4 13. Bf4 cxd3 14. cxd3 Nc5 15. Ne1 Nd4 16. Qd2 Ncb3 17. axb3 Nxb3 18. Qc2 Nxa1 19. Qa4+ Qd7 20. Qxa1 a4 21. Ne3 h6 22. N3c2 O-O 23. Nd4 a3 24. b3 Rfc8 25. Bd2 Qa7 26. Ndc2 Qb6 27. Qa2 Rc7 28. Bf3 Rac8 29. Bd1 Rc6 30. Kg2 d4 31. f4 Bb7 32. Kh2 R6c7 33. Qa1 Rxc2 34. Bxc2 Qc6 35. Bd1 Qd5 36. Bf3 Qxb3 37. Bxb7 Rc7 38. Be4 Qa4 39. Bxb4 Bxb4 40. Qxd4 Rd7 41. Qc4 Rd8 42. Nc2 a2 43. Nxb4 a1=Q 44. Rxa1 Qxa1 45. Nc6 Re8 46. Ne7+ Kf8 47. Nc6 Qb2+ 48. Kh3 Qa1 49. Qc5+ Kg8 50. Ne7+ Kh8 51. Qc6 Rf8 52. Qd6 Re8 53. Nc6 Rg8 54. Qd7 Qf1+ 55. Bg2 Qe2 56. d4 Qxh5# 0-1


[Site "https://www.chess.com"]